 Dungeon Crawl Stone Soup version 0.30-a0-174-gbc10bd73c2 (webtiles) character file.

Game seed: 399467244463131393

345 qw the Chopper (level 6, -1/38 HPs)
             Began as a Gargoyle Fighter on Oct 1, 2022.
             Was an Initiate of Okawaru.
             Blown up by Pikel (20 damage)
             ... with a mindburst bolt
             ... on level 4 of the Dungeon.
             The game lasted 00:01:48 (2802 turns).

qw the Chopper (Gargoyle Fighter)                   Turns: 2802, Time: 00:01:48

Health: -1/38      AC: 18    Str: 21    XL:     6   Next: 58%
Magic:  6/6        EV:  9    Int:  9    God:    Okawaru [......]
Gold:   156        SH:  4    Dex:  9    Spells: 5/5 levels left

rFire   . . .      SeeInvis .    Y - +0 war axe
rCold   . . .      Faith    .    c - +0 buckler
rNeg    + . .      Spirit   .    m - +0 plate armour
rPois   inf        Reflect  .    i - +1 helmet "Isuscheli" {Regen+}
rElec   +          Harm     .    (no cloak)
rCorr   .          Rampage  .    (no gloves)
Will    .....                    (no boots)
Stlth   ..........               (no amulet)
HPRegen 1.06/turn                k - +4 ring of evasion
MPRegen 0.10/turn                (no ring)

@: no status effects
A: sickness immunity, AC +4, negative energy resistance 1, electricity
resistance, torment resistance 1, petrification resistance
a: Renounce Religion


You were on level 4 of the Dungeon.
You worshipped Okawaru.
Okawaru was noncommittal.
You visited 1 branch of the dungeon, and saw 4 of its levels.

You collected 156 gold pieces.


Innate Abilities, Weirdness & Mutations

You are immune to sickness and miasma.
Your stone body is resilient. (AC +4)
You are immune to poison.
You resist negative energy. (rN+)
You are resistant to electric shocks. (rElec)
You are resistant to unholy torment.
You are immune to petrification.


   Skills:
 - Level 4.0 Fighting
 + Level 5.7 Axes
 - Level 3.2 Armour
 - Level 0.8 Dodging
 - Level 3.2 Shields


You had 5 spell levels left.
You didn't know any spells.
Your spell library was empty.

Inventory:

Hand Weapons
 n - a +0 flail
 Y - a +0 war axe (weapon)
Armour
 c - a +0 buckler (worn)
 i - the +1 helmet "Isuscheli" (worn) {Regen+}
   (You found it on level 2 of the Dungeon)

   Regen:     It increases your rate of health regeneration.
 m - a +0 plate armour (worn)
Jewellery
 f - a ring of fire
 k - a +4 ring of evasion (left hand)
Scrolls
 a - a scroll of identify
 j - a scroll of fear {unknown}
Potions
 b - a potion of curing {unknown}
 d - 2 potions of might
 e - a potion of cancellation {unknown}
 g - a potion of attraction
 h - 2 potions of lignification
 l - a potion of haste

Dungeon Overview and Level Annotations

Branches:
Dungeon (4/15)
 Temple: D:4-7

Altars:
Okawaru
Sif Muna
Trog
Vehumet
Xom
The Shining One

Shops:
D:1 !

Annotations:
D:3 1 runed translucent door, Crazy Yiuf
D:4 Pikel


Message History

2 lemures come into view.
Found a stone staircase leading down.
You see here a scroll of identify.
You closely miss Pikel. Pikel barely misses you.
Pikel hits you with a +0 whip of electrocution.
You closely miss Pikel. Pikel barely misses you.
You completely miss Pikel. Pikel hits you but does no damage.
You hit Pikel.
Pikel is lightly wounded.
You block Pikel's attack.
You slash Pikel!
Pikel is moderately wounded.
You hit the lemure. Pikel hits you but does no damage.
Pikel hits you with a +0 whip of electrocution.
The lemure hits you but does no damage.
You slash Pikel!
Pikel is severely wounded.
You slash the lemure! You hit the lemure but do no damage.
Pikel zaps a wand.
Your mind is blasted!
You block the lemure's attack. The lemure hits you but does no damage.
You hit Pikel but do no damage.
Pikel is severely wounded.
You hit the lemure. You slash the lemure! You block Pikel's attack.
The lemure closely misses you. The lemure hits you but does no damage.
You barely miss Pikel.
Pikel is severely wounded.
You hit the lemure. You barely miss the lemure. Pikel closely misses you.
The lemure hits you. The lemure barely misses you.
You completely miss Pikel.
Pikel is severely wounded.
You hit the lemure. You hit the lemure but do no damage.
Pikel says, "Antaeus said I was his favorite kobold.
Me!"
Pikel zaps a wand.
Your mind is blasted!
Ouch! That really hurt!
You die...

.. >. .. .# .
.# .# .##..#
.########K....#
.....[..@5# #
#......5###..##
+..............
#.......###...#
+.............#
#.......####..#
#..........#
########...#
#...#


You could see Pikel and 2 lemures.

Vanquished Creatures
  A phantom (D:3)
  A scorpion (D:4)
  2 hounds
  6 adders
  2 worms
  3 dart slugs (D:3)
  11 orcs
  4 ball pythons
  6 bats
  4 endoplasms
  5 giant cockroaches
  6 goblins
  7 hobgoblins
  3 quokkas
  4 frilled lizards
  8 kobolds
  5 rats
78 creatures vanquished.

Vanquished Creatures (others)
  4 toadstools (D:1)
4 creatures vanquished.

Grand Total: 82 creatures vanquished

Notes
Turn   | Place    | Note
-------+----------+-------------------------------------------
     0 | D:1      | qw the Gargoyle Fighter began the quest for the Orb.
     0 | D:1      | Reached XP level 1. HP: 14/14 MP: 1/1
     0 | D:1      | 0 ||| qw: Version: 0.2-a-13-gfc7b4b4
     0 | D:1      | 0 ||| qw: Game counter: 1926
     0 | D:1      | 0 ||| qw: Always use a shield: true
     0 | D:1      | 0 ||| qw: God list: Okawaru
     0 | D:1      | 0 ||| qw: Allow faded altars: false
     0 | D:1      | 0 ||| qw: Do Orc after D:15 true
     0 | D:1      | 0 ||| qw: Do second Lair branch before Depths: true
     0 | D:1      | 0 ||| qw: Lair rune preference: random
     0 | D:1      | 0 ||| qw: Plans: Normal, Zot:1-4, God:TSO, Crypt, Tomb,
                  | Pan, Slime:5, Hells, Abyss, Orb
     0 | D:1      | 0 ||| PLANNING D:1-11
    45 | D:1      | Reached skill level 2 in Axes
    46 | D:1      | 46 ||| Stepping ~*~*~tactically~*~*~ (stealth).
    52 | D:1      | 52 ||| Stepping ~*~*~tactically~*~*~ (stealth).
    76 | D:1      | Reached XP level 2. HP: 19/19 MP: 2/2
    88 | D:1      | Found Ehye's Distillery.
   109 | D:1      | 109 ||| SHOPLISTING potion of curing (36 gold, have 12).
   109 | D:1      | 109 ||| SHOPLISTING potion of haste (120 gold, have 12).
   109 | D:1      | 109 ||| SHOPLISTING potion of heal wounds (60 gold, have
                  | 12).
   109 | D:1      | 109 ||| SHOPLISTING potion of mutation (96 gold, have 12).
   133 | D:1      | Found a faded altar of an unknown god.
   182 | D:1      | 182 ||| Stepping ~*~*~tactically~*~*~ (stealth).
   197 | D:1      | 197 ||| Stepping ~*~*~tactically~*~*~ (stealth).
   201 | D:1      | 201 ||| Stepping ~*~*~tactically~*~*~ (stealth).
   203 | D:1      | 203 ||| Stepping ~*~*~tactically~*~*~ (stealth).
   238 | D:1      | Reached skill level 3 in Axes
   280 | D:1      | Reached XP level 3. HP: 23/23 MP: 3/3
   455 | D:1      | 455 ||| Stepping ~*~*~tactically~*~*~ (stealth).
   665 | D:1      | 665 ||| READING 3 scrolls labelled MEUNAUFACH.
   666 | D:1      | 666 ||| DRINKING 2 smoky golden potions.
   667 | D:1      | 667 ||| READING 2 scrolls of identify.
   667 | D:1      | 667 ||| IDENTIFYING smoky ruby potion
   668 | D:1      | 668 ||| DROPPING potion of degeneration.
   740 | D:2      | 740 ||| DROPPING +0 mace.
   766 | D:2      | 766 ||| Stepping ~*~*~tactically~*~*~ (stealth).
   793 | D:2      | Found a radiant altar of Vehumet.
   847 | D:2      | 847 ||| Stepping ~*~*~tactically~*~*~ (stealth).
   855 | D:2      | Reached XP level 4. HP: 28/28 MP: 4/4
  1151 | D:2      | Identified the +1 helmet "Isuscheli" {Regen+}
  1187 | D:2      | 1187 ||| UPGRADING to +1 helmet "Isuscheli" {Regen+}.
  1192 | D:2      | 1192 ||| READING 3 scrolls of identify.
  1192 | D:2      | 1192 ||| IDENTIFYING murky clear potion
  1210 | D:3      | 1210 ||| STAIRDANCE
  1218 | D:3      | 1218 ||| STAIRDANCE
  1227 | D:3      | 1227 ||| STAIRDANCE
  1240 | D:3      | 1240 ||| STAIRDANCE
  1247 | D:2      | Reached skill level 4 in Axes
  1370 | D:3      | Noticed a phantom
  1386 | D:3      | Killed a phantom
  1387 | D:3      | Reached XP level 5. HP: 29/32 MP: 5/5
  1408 | D:3      | Found a glowing golden altar of the Shining One.
  1408 | D:3      | Found a shimmering altar of Xom.
  1416 | D:3      | Found a faded altar of an unknown god.
  1418 | D:3      | Found a faded altar of an unknown god.
  1420 | D:3      | Found a bloodstained altar of Trog.
  1537 | D:3      | Reached skill level 5 in Axes
  1648 | D:3      | 1648 ||| Stepping ~*~*~tactically~*~*~ (hiding).
  1790 | D:3      | Found a runed translucent door.
  1791 | D:3      | Noticed Crazy Yiuf
  1913 | D:3      | 1913 ||| DROPPING +0 whip of electrocution.
  2015 | D:3      | Reached XP level 6. HP: 38/38 MP: 6/6
  2149 | D:3      | 2149 ||| UPGRADING to +0 plate armour.
  2159 | D:3      | 2159 ||| DROPPING +0 scale mail.
  2160 | D:3      | 2160 ||| UPGRADING to +4 ring of evasion.
  2161 | D:3      | 2161 ||| READING scroll labelled PUOMADOQAC.
  2162 | D:3      | 2162 ||| READING scroll labelled VETHRO MUMUSIPS.
  2233 | D:3      | 2233 ||| READING scroll labelled HYTTIS ROUNEN.
  2234 | D:3      | 2234 ||| READING scroll labelled WUAVIL GYLA.
  2335 | D:3      | 2335 ||| READING 2 scrolls of identify.
  2335 | D:3      | 2335 ||| IDENTIFYING viscous yellow potion
  2618 | D:4      | Found an iron altar of Okawaru.
  2619 | D:4      | 2619 ||| PLANNING OKAWARU WORSHIP
  2619 | D:4      | 2619 ||| DRINKING 2 cyan potions.
  2620 | D:4      | 2620 ||| DROPPING potion of magic.
  2621 | D:4      | 2621 ||| Stepping randomly (stuck).
  2622 | D:4      | 2622 ||| Stepping randomly (stuck).
  2623 | D:4      | 2623 ||| Stepping randomly (stuck).
  2624 | D:4      | 2624 ||| Stepping randomly (stuck).
  2625 | D:4      | 2625 ||| Stepping randomly (stuck).
  2626 | D:4      | 2626 ||| Stepping randomly (stuck).
  2627 | D:4      | 2627 ||| Stepping randomly (stuck).
  2628 | D:4      | 2628 ||| Stepping randomly (stuck).
  2629 | D:4      | 2629 ||| Stepping randomly (stuck).
  2630 | D:4      | 2630 ||| Stepping randomly (stuck).
  2631 | D:4      | 2631 ||| Stepping randomly (stuck).
  2633 | D:4      | 2633 ||| Stepping randomly (stuck).
  2634 | D:4      | 2634 ||| Stepping randomly (stuck).
  2635 | D:4      | 2635 ||| Stepping randomly (stuck).
  2636 | D:4      | 2636 ||| Stepping randomly (stuck).
  2637 | D:4      | 2637 ||| Stepping randomly (stuck).
  2638 | D:4      | 2638 ||| Stepping randomly (stuck).
  2639 | D:4      | 2639 ||| Stepping randomly (stuck).
  2640 | D:4      | 2640 ||| Stepping randomly (stuck).
  2641 | D:4      | 2641 ||| Stepping randomly (stuck).
  2642 | D:4      | 2642 ||| Stepping randomly (stuck).
  2643 | D:4      | 2643 ||| Stepping randomly (stuck).
  2644 | D:4      | 2644 ||| Stepping randomly (stuck).
  2645 | D:4      | 2645 ||| Stepping randomly (stuck).
  2646 | D:4      | 2646 ||| Stepping randomly (stuck).
  2647 | D:4      | 2647 ||| Stepping randomly (stuck).
  2648 | D:4      | 2648 ||| Stepping randomly (stuck).
  2649 | D:4      | 2649 ||| Stepping randomly (stuck).
  2650 | D:4      | 2650 ||| Stepping randomly (stuck).
  2651 | D:4      | 2651 ||| Stepping randomly (stuck).
  2652 | D:4      | 2652 ||| Stepping randomly (stuck).
  2653 | D:4      | 2653 ||| Stepping randomly (stuck).
  2654 | D:4      | 2654 ||| Stepping randomly (stuck).
  2655 | D:4      | 2655 ||| Stepping randomly (stuck).
  2656 | D:4      | 2656 ||| Stepping randomly (stuck).
  2657 | D:4      | 2657 ||| Stepping randomly (stuck).
  2658 | D:4      | 2658 ||| Stepping randomly (stuck).
  2659 | D:4      | 2659 ||| Stepping randomly (stuck).
  2660 | D:4      | 2660 ||| Stepping randomly (stuck).
  2661 | D:4      | 2661 ||| Stepping randomly (stuck).
  2662 | D:4      | 2662 ||| Stepping randomly (stuck).
  2663 | D:4      | 2663 ||| Stepping randomly (stuck).
  2664 | D:4      | 2664 ||| Stepping randomly (stuck).
  2665 | D:4      | 2665 ||| Stepping randomly (stuck).
  2666 | D:4      | 2666 ||| Stepping randomly (stuck).
  2667 | D:4      | 2667 ||| Stepping randomly (stuck).
  2668 | D:4      | 2668 ||| Stepping randomly (stuck).
  2669 | D:4      | 2669 ||| Stepping randomly (stuck).
  2670 | D:4      | 2670 ||| Stepping randomly (stuck).
  2671 | D:4      | 2671 ||| Stepping randomly (stuck).
  2672 | D:4      | 2672 ||| Stepping randomly (stuck).
  2673 | D:4      | 2673 ||| Stepping randomly (stuck).
  2674 | D:4      | 2674 ||| Stepping randomly (stuck).
  2675 | D:4      | 2675 ||| Stepping randomly (stuck).
  2676 | D:4      | 2676 ||| Stepping randomly (stuck).
  2677 | D:4      | 2677 ||| Stepping randomly (stuck).
  2678 | D:4      | 2678 ||| Stepping randomly (stuck).
  2679 | D:4      | 2679 ||| Stepping randomly (stuck).
  2680 | D:4      | 2680 ||| Stepping randomly (stuck).
  2681 | D:4      | 2681 ||| Stepping randomly (stuck).
  2682 | D:4      | 2682 ||| Stepping randomly (stuck).
  2683 | D:4      | 2683 ||| Stepping randomly (stuck).
  2684 | D:4      | 2684 ||| Stepping randomly (stuck).
  2685 | D:4      | 2685 ||| Stepping randomly (stuck).
  2686 | D:4      | 2686 ||| Stepping randomly (stuck).
  2692 | D:4      | Became a worshipper of Warmaster Okawaru
  2693 | D:4      | 2693 ||| PLANNING D:1-11
  2749 | D:4      | Found a shimmering blue altar of Sif Muna.
  2790 | D:4      | Noticed Pikel
  2791 | D:4      | 2791 ||| Stepping ~*~*~tactically~*~*~ (hiding).
  2802 | D:4      | Blown up by Pikel

Levels and vault maps discovered:
D:1:      ldierk_walled_garden_2, layout_rooms,
          hellmonk_ecumenical_altar_run_dry, serial_shops,
          nicolae_shop_temple_entry_statues_fountains, serial_corexii_hall,
          corexii_hall_statues_i, corexii_hall_statues_i,
          chequers_hall_statues_wall_a, corexii_hall_statues_x
D:2:      layout_rooms, basic_altar
D:3:      layout_loops_cross, chequers_temple_overflow_minitemple,
          grunt_ministairs_10, minmay_misc_feat_plants, uniq_crazy_yiuf_cottage
D:4:      layout_basic, mainiacjoe_overflow_catwalk, pf_just_have_faith,
          uniq_pikel

Skill      XL: |  1  2  3  4  5 |
---------------+----------------+-----
Axes           | 2 3 4 5 |  5.7
Fighting       | 4 |  4.0
Armour         | |  3.2
Dodging        | |  0.8
Shields        | |  3.2

Action                   |  1- 3 |  4- 6 || total
-------------------------+-------+-------++-------
Melee: War axe           |   100 |   186 ||   286
  Use: Scroll            |     2 |     6 ||     8
       Potion            |     1 |     1 ||     2
Armor: Scale mail        |    54 |    69 ||   123
       Plate armour      |       |    38 ||    38
Dodge: Dodged            |    43 |    93 ||   136
Block: Buckler           |    20 |    39 ||    59

Table legend:
 A = Non-vault XP
 B = Vault XP
 C = Vault XP percentage of total XP
 D = Non-vault monster count
 E = Vault monster count
 F = Vault count percentage of total count
                 A         B        C        D         E       F
            +---------+---------+-------+---------+---------+-------
      Total |     450 |      44 |   8.9 |      76 |       2 |   2.6
            +---------+---------+-------+---------+---------+-------
        D:1 |      44 |       0 |   0.0 |      27 |       0 |   0.0
        D:2 |      55 |       0 |   0.0 |      17 |       0 |   0.0
        D:3 |     179 |      44 |  19.7 |      22 |       2 |   8.3
        D:4 |     172 |       0 |   0.0 |      10 |       0 |   0.0
            +---------+---------+-------+---------+---------+-------
